 Dungeon Crawl Stone Soup version 0.30-a0-469-g84de5afbc5 (webtiles) character file.

Game seed: 9246057060042745700

3277137 freelancePsychic the Acrobat (level 27, 241/241 HPs)
             Began as a Demonspawn Fighter on Dec 19, 2022.
             Was the Champion of Cheibriados.
             Escaped with the Orb
             ... and 5 runes!
             The game lasted 02:12:09 (66859 turns).

freelancePsychic the Acrobat (Demonspawn Fighter)  Turns: 66859, Time: 02:12:09

Health: 241/241    AC: 24    Str: 31    XL:     27
Magic:  38/38      EV: 61    Int: 25    God:    Cheibriados [******]
Gold:   7305       SH:  8    Dex: 53    Spells: 5/48 levels left

rFire   + . .      SeeInvis .    a - +12 pair of quick blades "Gyre" and "Gimble" {protect}
rCold   + . .      Faith    .    (shield currently unavailable)
rNeg    + . .      Spirit   .    H - +1 robe of Incorporation {Drain +Inv Str-3 Dex+9}
rPois   +          Reflect  .    (helmet unavailable)
rElec   .          Harm     .    t - +2 cloak
rCorr   .          Rampage  .    x - +2 pair of gloves {Stlth+}
Will    ++...                    v - +2 pair of boots
Stlth   +++.......               h - amulet "Wydeinn" {rN+ Regen+ Dex+4}
HPRegen 1.40/turn                F - ring of Wymics {Fly Slay+6}
MPRegen 0.26/turn                f - ring "Loiteoqa" {Drain rPois rF+ rC+ Str+3}

@: flying, studying 2 skills, very slow
A: horns 3, rugged brown scales 3, foul stench 3, icemail 2, augmentation 3,
condensation shield, talons 1, large bone plates 1, weak 1, evolution 1,
MP-powered wands, sturdy frame 1, noise suppression
0: Orb of Zot
}: 5/15 runes: decaying, slimy, silver, abyssal, gossamer
a: Renounce Religion, Evoke Invisibility, Bend Time, Temporal Distortion,
Slouch, Step From Time


You escaped.
You worshipped Cheibriados.
Cheibriados was exalted by your worship.
You visited 13 branches of the dungeon, and saw 57 of its levels.
You visited the Abyss 1 time.
You also visited: Sewer, Gauntlet, Ice Cave and Wizlab.

You collected 9659 gold pieces.
You spent 2354 gold pieces at shops.

Inventory:

Hand Weapons
 a - the +12 pair of quick blades "Gyre" and "Gimble" (weapon) {protect}
   (You bought it in a shop on level 8 of the Dungeon)

   It grants its wielder temporary protection when it strikes (+7 to AC).
Missiles
 c - 27 boomerangs
 D - a throwing net
 L - 7 javelins
 N - 8 silver boomerangs
 W - 3 silver javelins
Armour
 t - a +2 cloak (worn)
 v - a +2 pair of boots (worn)
 x - a +2 pair of gloves of stealth (worn)
 H - the +1 robe of Incorporation (worn) {Drain +Inv Str-3 Dex+9}
   (You found it on level 6 of the Dungeon)

   Str:       It affects your strength (-3).
   Dex:       It affects your dexterity (+9).
   +Inv:      It lets you turn invisible.
   Drain:     It drains your maximum health when unequipped.
Jewellery
 b - the ring of Cugron {rF+ Dex+6}
   (You found it in a wizard's laboratory)

   [ring of dexterity]

   Dex:       It affects your dexterity (+6).
   rF:        It protects you from fire.
 f - the ring "Loiteoqa" (right hand) {Drain rPois rF+ rC+ Str+3}
   (You acquired it on level 4 of the Lair of Beasts)

   [ring of protection from fire]

   Str:       It affects your strength (+3).
   rF:        It protects you from fire.
   rC:        It protects you from cold.
   rPois:     It protects you from poison.
   Drain:     It drains your maximum health when unequipped.
 h - the amulet "Wydeinn" (around neck) {rN+ Regen+ Dex+4}
   (You found it in a Gauntlet)

   [amulet of regeneration]

   Dex:       It affects your dexterity (+4).
   rN:        It protects you from negative energy.
   Regen:     It increases your rate of health regeneration.
 F - the ring of Wymics (left hand) {Fly Slay+6}
   (You acquired it on level 1 of the Swamp)

   [ring of flight]

   Slay:      It affects your accuracy & damage with ranged weapons and melee
   (+6).
   Fly:       It grants you flight.
Wands
 i - a wand of mindburst (18)
 s - a wand of roots (81)
 G - a wand of light (16)
 P - a wand of polymorph (16)
 R - a wand of flame (88)
 V - a wand of charming (66)
Scrolls
 e - 8 scrolls of immolation
 l - 11 scrolls of butterflies
 n - 37 scrolls of identify {@r1}
 o - 13 scrolls of vulnerability
 p - 5 scrolls of silence
 w - 11 scrolls of fog
 y - 22 scrolls of teleportation {@r4}
 C - 20 scrolls of poison
 E - 9 scrolls of blinking
 I - 8 scrolls of enchant armour
 K - 6 scrolls of magic mapping
 U - 2 scrolls of fear
 X - 3 scrolls of torment
Potions
 d - 8 potions of might
 j - 14 potions of lignification
 k - 9 potions of brilliance
 m - 15 potions of flight
 q - 25 potions of curing {@q1}
 u - 4 potions of attraction
 z - 16 potions of heal wounds {@q2}
 B - 12 potions of magic
 J - 8 potions of ambrosia
 O - 7 potions of berserk rage
 Q - 16 potions of mutation
 S - 7 potions of degeneration
 Y - 7 potions of invisibility
 Z - 4 potions of resistance
Miscellaneous
 g - a condenser vane
 r - a box of beasts
 A - a lightning rod (4/4)
 M - a phial of floods


   Skills:
 - Level 20.6 Fighting
 - Level 6.9(8.0) Short Blades
 - Level 5.9(7.4) Long Blades
 - Level 2.5 Throwing
 - Level 7.1 Armour
 - Level 23.6 Dodging
 - Level 15.0 Stealth
 - Level 2.6 Shields
 + Level 11.1 Spellcasting
 - Level 7.5 Conjurations
 - Level 17.8 Hexes
 * Level 18.1 Necromancy
 + Level 18.4 Transmutations
 - Level 5.7 Air Magic
 - Level 10.1 Poison Magic
 - Level 13.6 Invocations
 - Level 2.2 Evocations


You had 5 spell levels left.
You knew the following spells:

 Your Spells              Type           Power      Damage    Failure   Level
a - Eringya's Noxious Bo  Tmut/Pois      56%        N/A       1%          6
b - Enfeeble              Hex            61%        N/A       2%          7
c - Ignite Poison         Fire/Tmut/Pois 94%        N/A       1%          3
d - Necromutation         Tmut/Necr      62%        N/A       16%         8
e - Silence               Hex/Air        51%        N/A       1%          5
f - Yara's Violent Unrav  Hex/Tmut       62%        3d23      1%          5
g - Poisonous Vapours     Pois/Air       100%       N/A       1%          2
h - Irradiate             Conj/Tmut      54%        3d29      1%          5
i - Wereblood             Tmut           100%       N/A       0%          2

Your spell library contained the following spells:

 Spells                   Type           Power      Damage    Failure   Level
 Beastly Appendage        Tmut           100%       N/A       0%          1
 Slow                     Hex            100%       N/A       0%          1
 Sting                    Tmut/Pois      100%       1d8       0%          1
 Sublimation of Blood     Necr           100%       N/A       0%          2
 Confusing Touch          Hex            100%       N/A       0%          3
 Tukima's Dance           Hex            100%       N/A       0%          3
 Vampiric Draining        Necr           100%       2d13      0%          3
 Foxfire                  Conj/Fire      100%       2x1d9     1%          1
 Kiss of Death            Conj/Necr      100%       2d13      1%          1
 Magic Dart               Conj           100%       1d8       1%          1
 Shock                    Conj/Air       100%       1d9       1%          1
 Cigotuvi's Dreadful Rot  Necr/Pois/Air  100%       N/A       1%          2
 Ensorcelled Hibernation  Hex/Ice        100%       N/A       1%          2
 Momentum Strike          Conj/Tloc      100%       3d10      1%          2
 Passwall                 Tmut/Erth      77%        N/A       1%          2
 Searing Ray              Conj           100%       2d8       1%          2
 Static Discharge         Conj/Air       100%       2-7/arc   1%          2
 Dazzling Flash           Conj/Hex       100%       N/A       1%          3
 Inner Flame              Hex/Fire       91%        N/A       1%          3
 Mephitic Cloud           Conj/Pois/Air  86%        N/A       1%          3
 Portal Projectile        Hex/Tloc       100%       N/A       1%          3
 Spider Form              Tmut/Pois      100%       N/A       1%          3
 Anguish                  Hex/Necr       61%        N/A       1%          4
 Animate Dead             Necr           100%       N/A       1%          4
 Fulminant Prism          Conj/Hex       53%        3d22      1%          4
 Ice Form                 Ice/Tmut       93%        N/A       1%          4
 Leda's Liquefaction      Hex/Erth       45%        N/A       1%          4
 Olgreb's Toxic Radiance  Pois           97%        N/A       1%          4
 Petrify                  Tmut/Erth      93%        N/A       1%          4
 Alistair's Intoxication  Tmut/Pois      74%        N/A       1%          5
 Blade Hands              Tmut           62%        N/A       1%          5
 Hailstorm                Conj/Ice       64%        3d14      2%          3
 Stone Arrow              Conj/Erth      100%       3d13      2%          3
 Borgnjor's Vile Clutch   Necr/Erth      46%        N/A       3%          5
 Metabolic Englaciation   Hex/Ice        45%        N/A       3%          5
 Summon Mana Viper        Hex/Summ       91%        N/A       3%          5
 Sandblast                Erth           60%        2d14      4%          1
 Vhi's Electric Charge    Tloc/Air       100%       N/A       4%          3
 Iskenderun's Battlesphe  Conj           85%        2d13      5%          5
 Blink                    Tloc           60%        N/A       7%          2
 Call Imp                 Summ           30%        N/A       7%          2
 Arcjolt                  Conj/Air       40%        1d50      8%          5
 Lightning Bolt           Conj/Air       40%        1d59      8%          5
 Flame Wave               Conj/Fire      64%        2d15      10%         4
 Iskenderun's Mystic Bla  Conj/Tloc      64%        2d13      10%         4
 Sticky Flame             Conj/Fire      64%        2d8       10%         4
 Call Canine Familiar     Summ           30%        N/A       13%         3
 Frozen Ramparts          Ice            60%        1d10      13%         3
 Gell's Gravitas          Tloc           30%        N/A       13%         3
 Lesser Beckoning         Tloc           60%        N/A       13%         3
 Ozocubu's Armour         Ice            30%        N/A       13%         3
 Teleport Other           Tloc           30%        N/A       13%         3
 Summon Lightning Spire   Summ/Air       58%        N/A       14%         4
 Freezing Cloud           Conj/Ice/Air   34%        6-21      21%         5
 Fireball                 Conj/Fire      32%        3d14      26%         5
 Animate Armour           Summ/Erth      60%        N/A       41%         4
 Manifold Assault         Tloc           30%        N/A       41%         4
 Passage of Golubria      Tloc           30%        N/A       41%         4
 Summon Ice Beast         Ice/Summ       30%        N/A       41%         4
 Lee's Rapid Deconstruct  Erth           15%        3d10*     77%         5
 Summon Forest            Summ/Tloc      15%        N/A       77%         5
 Death Channel            Necr           62%        N/A       1%          6
 Dragon Form              Tmut           62%        N/A       1%          7
 Statue Form              Tmut/Erth      62%        N/A       16%         6
 Simulacrum               Ice/Necr       46%        N/A       17%         6
 Borgnjor's Revivificati  Necr           62%        N/A       17%         8
 Infestation              Necr           62%        N/A       17%         8
 Discord                  Hex            61%        N/A       19%         8
 Storm Form               Tmut/Air       52%        N/A       26%         7
 Conjure Ball Lightning   Conj/Air       40%        3x3d13    41%         6
 Iron Shot                Conj/Erth      32%        9d7       82%         6
 Starburst                Conj/Fire      32%        6d10      82%         6
 Orb of Destruction       Conj           42%        9d12      86%         7
 Death's Door             Necr           62%        N/A       95%         9
 Summon Cactus Giant      Summ           15%        N/A       100%        6
 Malign Gateway           Summ/Tloc      15%        N/A       100%        7
 Ozocubu's Refrigeration  Ice            15%        4d10      100%        7
 Spellforged Servitor     Conj/Summ      32%        N/A       100%        7
 Summon Hydra             Summ           15%        N/A       100%        7
 Disjunction              Tloc           15%        N/A       100%        8
 Ignition                 Fire           15%        3d6       100%        8
 Lehudib's Crystal Spear  Conj/Erth      32%        10d8      100%        8
 Summon Horrible Things   Summ           15%        N/A       100%        8
 Chain Lightning          Conj/Air       40%        3d54      100%        9
 Fire Storm               Conj/Fire      32%        8d8       100%        9
 Polar Vortex             Ice            15%        N/A       100%        9
 Shatter                  Erth           15%        3d15*     100%        9


Dungeon Overview and Level Annotations

Branches:
Dungeon (15/15)            Temple (1/1) D:7            Lair (5/5) D:10
  Swamp (4/4) Lair:2       Spider (4/4) Lair:2        Slime (5/5) Lair:5
    Orc (2/2) D:11            Elf (3/3) Orc:2        Vaults (5/5) D:14
  Crypt (3/3) Vaults:2       Tomb (0/3) Crypt:3      Depths (4/4) D:15
   Hell (visited)             Dis (0/7) Hell            Geh (0/7) Hell
    Tar (0/7) Hell            Zot (5/5) Depths:4      Sewer (visited)
  IceCv (visited)          WizLab (visited)         Gauntlet (visited)
    Coc: Hell:1

Altars:
Ashenzari
Cheibriados
Dithmenos
Fedhas
Gozag
Hepliaklqana
Kikubaaqudgha
Makhleb
Nemelex Xobeh
Okawaru
Qazlal
Ru
Sif Muna
Trog
Uskayaw
Vehumet
Wu Jian
Xom
Yredelemnul
Jiyva

Shops:
D:1 !   D:8 (   D:12 [   D:13 =   Orc:2 =*[(   Elf:1 (   Elf:3 (   Vaults:1 [
Vaults:2 !   Vaults:4 (   Depths:3 :

Portals:
Hell: Depths:1 Depths:2 Depths:3 Depths:4
Abyss: Depths:1 Depths:2 Depths:3 Depths:4
Pandemonium: Depths:2 Depths:4

Annotations:
D:7 3 runed translucent doors, GiantSquids's ghost, novice TeHu
D:9 exclusion: downstairs
Swamp:1 3 runed translucent doors, bigduke15's ghost, journeyman MiFi
Elf:2 4 runed translucent doors, Wator's ghost, journeyman OpTm
Vaults:1 36 runed doors
Crypt:1 Mennas
Crypt:2 3 runed translucent doors, exclusions: doom hound and spectral thing, Kucw's ghost, adept GrFi; Onexaaje's ghost, adept GrFi; Vailuoroe's ghost, veteran GrEE; Zivuv's ghost, veteran FoFi
Depths:1 exclusion: 2 shining eyes
Hell exclusion: 2 ice statues
Zot:1 exclusions: 3 draconian scorchers and draconian stormcaller
Zot:2 exclusions: 3 doom hounds and 2 simulacra, Grunn
Zot:4 36 runed doors


Innate Abilities, Weirdness & Mutations

You have a pair of large horns on your head.
You are completely covered in rugged brown scales. (AC +3, +7% HP)
You frequently emit foul miasma when damaged in melee.
A meltable icy envelope protects you from harm. (AC +8)
Your magical and physical power is greatly enhanced at high health.
A meltable shield of frost defends you. (SH +4)
You have sharp toenails.
You are partially covered in large bone plates. (SH +4)
You are weak. (Str -2)
You have hidden genetic potential.
You expend magic power (3 MP) to strengthen your wands.
Your movements are slightly less encumbered by armour. (ER -2)
You passively dampen the noise of your surroundings.


Message History

You kill the Orb Guardian!
Cheibriados appreciates the change of pace.
No target in view!
No target in view!
No target in view!
No target in view!
No target in view!
No target in view!
No target in view!
No target in view!
(D) Dungeon (T) Temple (L) Lair (S) Swamp (N) Spider Nest (M) Slime Pits (O) Orcish Mines (E) Elven Halls (V) Vaults (C) Crypt (W) Tomb (U) Depths (H) Hell (I) Dis (G) Gehenna (Y) Tartarus (Z) Zot
Where to? (Enter - D:1 @ (x,y), ? - help)
A sun demon comes into view.
Unknown command.
There is a stone staircase leading up here.
You fly upwards.
There is a stone staircase leading down here.
(D) Dungeon (T) Temple (L) Lair (S) Swamp (N) Spider Nest (M) Slime Pits (O) Orcish Mines (E) Elven Halls (V) Vaults (C) Crypt (W) Tomb (U) Depths (H) Hell (I) Dis (G) Gehenna (Y) Tartarus (Z) Zot
Where to? (Enter - D:1 @ (x,y), ? - help)
There is a stone staircase leading up here.
You fly upwards.
There is a stone staircase leading down here.
You see here a scroll of noise.
You see here a +0 war axe.
There is a stone staircase leading up here.
You fly upwards.
There is a stone staircase leading down here.
There is a stone staircase leading up here.
You fly upwards.
There is a stone staircase leading down here.
There is a staircase leading out of the dungeon here.
You have escaped!

.........###.........###..#......
....)...## ##.......## ##....)...
........# #.......# #........
........## ##.......## ##.###...#
...####..###.........###.........
...####..........................
#+#...#..........................
..+........................#.....
..#.............@..........#.....
..#........................#.....
.....#.....................#...##
#....#.....................#...##
#....#...###.........###........#
#....#..## ##.......## ##.......#
.....+..# #.......# #.....รท..
.....#..## ##.......## ##........
.....#...###.........###..#......


There were no monsters in sight!

Vanquished Creatures
  the Royal Jelly (Slime:5)
  A seraph (Zot:4)
  9 dread liches
  3 orbs of fire (Zot:5)
  An ancient lich (Vaults:5)
  Josephina (Zot:2)
  Bai Suzhen (Crypt:1)
  the Lernaean hydra (Swamp:4)
  5 Killer Klowns (Zot:5)
  3 curse toes
  10 golden dragons
  Geryon (Hell)
  A pandemonium lord (Zot:4)
  A mutant beast (WizLab)
  A bone dragon (Crypt:3)
  Arachne (Spider:3)
  2 electric golems
  An Ice Fiend (Zot:4)
  3 hellephants
  25 Orb Guardians
  3 liches
  17 tentacled monstrosities
  9 quicksilver dragons
  5 titans (Vaults:5)
  2 deep elf master archers (Elf:3)
  22 acid blobs
  An acid blob (shapeshifter) (Vaults:5)
  6 death cobs
  The ghost of Olyjoun the Thaumaturge, an adept GnHW of Okawaru (Vaults:2)
  A quicksilver dragon (shapeshifter) (Vaults:5)
  6 ancient champions
  2 deep elf blademasters (Elf:3)
  2 tentacled starspawn
  6 sphinxes
  Kirke (D:14)
  13 shadow dragons
  10 storm dragons
  A thorn hunter (Abyss:5)
  3 revenants
  7 azure jellies (Slime:5)
  7 tengu reavers
  3 fenstrider witches
  4 draconian monks
  7 rockslimes
  Roxanne (Swamp:4)
  4 emperor scorpions
  11 frost giants
  17 vault wardens
  2 draconian knights (Zot:5)
  10 ghost moths
  7 deep elf sorcerers
  A cacodemon (Hell)
  A balrug (Hell)
  The ghost of Heh the Warrior, a journeyman MiFi of Gozag (D:12)
  4 fire giants
  7 iron dragons
  Aizul (Swamp:3)
  3 curse skulls
  26 ironbound preservers
  A caustic shrike skeleton (Crypt:2)
  4 draconian shifters
  A juggernaut zombie (Hell)
  A stone giant (shapeshifter) (Depths:2)
  9 draconian scorchers
  3 draconian annihilators
  8 quicksilver oozes
  24 very ugly things
  2 war gargoyles (Hell)
  9 ghouls
  3 orc warlords
  A demonspawn blood saint (Zot:5)
  5 deep elf elementalists (Elf:3)
  9 stone giants
  An angel (Zot:4)
  3 ironbound thunderhulks
  3 reapers
  5 draconian stormcallers
  3 deep elf annihilators
  7 green draconians
  7 vampire knights
  A starcursed mass (Abyss:5)
  Azrael (Elf:2)
  13 black draconians
  9 dire elephants
  An eleionoma (Swamp:2)
  10 purple draconians
  A lorocyproca (Hell)
  10 white draconians
  8 deep elf demonologists
  9 yellow draconians
  13 red draconians
  8 spark wasps
  A minotaur (Gauntlet)
  3 bunyips
  2 blizzard demons
  12 deep elf death magi
  2 eidola (Crypt:1)
  A crystal guardian (Vaults:4)
  6 ettins
  22 yaktaur captains
  A shambling mangrove (Swamp:4)
  11 jiangshi
  32 hydras
  5 fire dragons
  A quicksilver dragon skeleton (Crypt:3)
  4 deep elf high priests
  An entropy weaver (shapeshifter) (WizLab)
  2 spriggan zombies (Hell)
  36 vault guards
  6 great orbs of eyes
  2 rakshasas
  2 radroaches
  A fenstrider witch zombie (Crypt:3)
  4 jorogumos
  3 spriggan air magi
  4 peacekeepers
  7 centaur warriors
  A bennu zombie (Crypt:1)
  Harold (D:9)
  15 ice dragons
  2 ghost crabs
  Erica (Lair:1)
  6 boulder beetles
  3 catoblepae (Lair:5)
  18 ironbound frosthearts
  The ghost of Xubonuo the Transmogrifier, a journeyman OpWn of Gozag (Lair:1)
  10 alligators
  17 dancing weapons
  A spriggan skeleton (Crypt:3)
  2 death knights
  8 death scarabs (Spider:4)
  6 two-headed ogres
  18 death yaks
  6 tengu warriors
  11 vampire magi
  6 deep troll earth magi
  8 deep troll shamans
  A thrashing horror (Abyss:5)
  4 orc high priests (Orc:2)
  8 hell hogs
  5 spriggan berserkers
  2 titan zombies
  20 hell knights
  8 soul eaters
  8 deep elf knights
  2 fire crabs (shapeshifter) (WizLab)
  A wretched star (Abyss:5)
  4 shadow wraiths
  9 sun demons (Hell)
  A sun moth (Spider:4)
  53 skeletal warriors
  A titan skeleton (Crypt:2)
  A sixfirhy (Hell)
  7 pharaoh ants
  2 spatial maelstroms (Abyss:2)
  8 iron trolls
  7 goliath frogs
  A death drake (shapeshifter) (WizLab)
  7 spriggan druids
  60 deep trolls
  9 orb spiders
  5 flayed ghosts
  13 swamp dragons
  8 bog bodies
  2 death drakes
  An obsidian statue (Gauntlet)
  4 steelbarb worms
  16 deep elf archers
  19 ironbound convokers
  An orange crystal statue (IceCv)
  2 spectral wolf spiders (Spider:4)
  A deep troll (shapeshifter) (Vaults:4)
  A spectral jorogumo (Spider:4)
  13 lindwurms
  7 wizards
  10 orc knights
  10 phantasmal warriors
  A golden dragon skeleton (Crypt:1)
  A lindwurm (shapeshifter) (Vaults:5)
  A harpy (shapeshifter) (WizLab)
  36 deep elf zephyrmancers
  2 sphinx zombies
  5 orc sorcerers
  35 deep elf pyromancers
  5 glowing orange brains
  3 human zombies
  A shining eye (shapeshifter) (Elf:1)
  4 manticores
  11 necromancers
  3 fire giant zombies
  3 stone giant zombies
  4 shining eyes
  3 will-o-the-wisps
  26 wolf spiders
  An oklob plant (Gauntlet)
  8 rust devils (Hell)
  23 moths of wrath
  2 salamanders (shapeshifter) (WizLab)
  35 ugly things
  8 cyclopes
  2 worldbinders
  9 elephants
  A stone giant skeleton (Vaults:1)
  17 vault sentinels
  An ice statue (Spider:1)
  6 black mambas
  12 cane toads
  2 apocalypse crabs
  4 smoke demons
  2 gargoyles
  3 torpor snails
  3 elf zombies
  A black mamba (shapeshifter) (WizLab)
  A shock serpent skeleton (Crypt:1)
  4 orange demons
  7 demonic crawlers
  A pale draconian zombie (Crypt:2)
  52 yaktaurs
  Psyche (D:9)
  14 komodo dragons
  4 unseen horrors
  10 rime drakes
  2 kobold demonologists
  A tormentor (Hell)
  A steelbarb worm zombie (Crypt:2)
  A rime drake (shapeshifter) (WizLab)
  A swamp worm zombie (Crypt:1)
  2 spectral redbacks (Spider:4)
  An ice devil (D:14)
  An efreet (D:14)
  A red draconian skeleton (Crypt:3)
  A grey draconian zombie (Crypt:2)
  9 tengu conjurers
  2 redback zombies
  12 freezing wraiths
  A hellwing (Gauntlet)
  3 human skeletons
  4 guardian mummies (Crypt:3)
  A meliai (shapeshifter) (WizLab)
  A queen bee (shapeshifter) (WizLab)
  27 tarantellas
  5 trolls
  3 trolls (shapeshifter)
  19 large abominations
  A shadow dragon simulacrum (Zot:2)
  A polar bear (shapeshifter) (WizLab)
  6 tyrant leeches
  8 hornets
  9 polar bears
  An ancient zyme (Abyss:5)
  2 tarantellas (shapeshifter) (WizLab)
  A wind drake (shapeshifter) (WizLab)
  17 blink frogs
  A spectral tarantella (Spider:4)
  3 meliai (D:13)
  A spectral culicivora (Spider:4)
  116 slime creatures
  3 spectral jumping spiders (Spider:4)
  17 dream sheep
  An ettin zombie (Hell)
  A snapping turtle (shapeshifter) (WizLab)
  A hydra skeleton (Hell)
  3 jumping spider zombies (Spider:4)
  2 tarantella zombies (Spider:4)
  37 jumping spiders
  A draconian simulacrum (Zot:2)
  2 ettin skeletons
  4 jumping spiders (shapeshifter)
  An alligator skeleton (Hell)
  2 vampires
  A spriggan (shapeshifter) (WizLab)
  3 air elementals
  A shadow (D:9)
  2 wyverns
  3 flying skulls
  An ice dragon skeleton (Crypt:3)
  8 wraiths
  7 spriggans
  9 water elementals
  67 yaks
  A hog (shapeshifter) (WizLab)
  5 hogs (D:14)
  A basilisk (shapeshifter) (WizLab)
  13 culicivoras
  4 fire elementals (Elf:2)
  A golden eye (Slime:5)
  A golden eye (shapeshifter) (Elf:1)
  4 steam dragons
  2 basilisks
  42 redbacks
  5 chaos spawn
  An iron golem (WizLab)
  A green draconian simulacrum (Zot:2)
  7 wargs
  9 vampire mosquitoes
  4 spatial vortices (Abyss:2)
  19 swamp worms
  A tengu zombie (Hell)
  7 hell hounds
  An acid dragon (Gauntlet)
  3 glowing shapeshifter zombies
  A moth of wrath simulacrum (Zot:2)
  12 water moccasins
  A glowing shapeshifter skeleton (Vaults:2)
  A floating eye (shapeshifter) (Vaults:5)
  6 floating eyes
  8 swamp drakes
  An entropy weaver zombie (Crypt:1)
  A black bear (shapeshifter) (WizLab)
  40 orc warriors
  A cane toad skeleton (Crypt:3)
  A black bear (D:4)
  A deep troll skeleton (Crypt:1)
  2 sky beasts
  6 ogres
  15 small abominations
  9 wolves
  A boggart (Vaults:3)
  11 centaurs
  A dream sheep skeleton (Crypt:3)
  2 phantoms
  3 kobold brigands
  4 necrophages
  13 bullfrogs
  A gnoll sergeant (D:5)
  2 earth elementals (Elf:1)
  2 scorpions (D:5)
  10 wights
  7 killer bees (D:7)
  6 howler monkeys
  An electric eel (D:9)
  5 crimson imps
  A wolf skeleton (Crypt:1)
  A human simulacrum (Vaults:1)
  A basilisk zombie (Crypt:1)
  A black bear zombie (Crypt:1)
  4 hounds
  2 jellies
  24 orc priests
  A centaur skeleton (Crypt:2)
  An iron imp (Abyss:2)
  A gnoll bouda (D:7)
  4 iguanas
  29 orc wizards
  9 hell rats
  A boggart skeleton (Crypt:1)
  A hound zombie (Crypt:3)
  7 gnolls
  9 adders
  11 river rats (Lair:3)
  2 shadow imps
  5 white imps
  2 ufetubi
  4 worms
  3 dart slugs
  82 orcs
  5 ball pythons
  9 endoplasms
  8 giant cockroaches
  8 goblins
  7 hobgoblins
  A jackal (Sewer)
  6 quokkas
  A ball python skeleton (Crypt:3)
  11 bats
  15 frilled lizards
  21 kobolds
  A kobold skeleton (Crypt:2)
  A quokka skeleton (Crypt:2)
  11 rats
  6 briar patches (Lair:2)
  2 creeping infernos (Hell)
  8 fire vortices (Hell)
  A starspawn tentacle (Abyss:5)
2610 creatures vanquished.

Vanquished Creatures (others)
  A draconian knight (Zot:4)
  A fire giant (Depths:3)
  2 draconian scorchers (Zot:4)
  A yellow draconian (Zot:4)
  A jorogumo (Spider:4)
  A deep elf knight (Elf:2)
  A will-o-the-wisp (Swamp:2)
  A human (D:14)
  3 killer bees (D:7)
  A hell rat (Hell)
  2 orcs (D:9)
  A briar patch (Lair:2)
  6 foxfires (Swamp:3)
  14 fungi
  A lurking horror (Abyss:5)
  51 plants
  A starspawn tentacle (Abyss:5)
  2 withered plants (Crypt:2)
91 creatures vanquished.

Grand Total: 2701 creatures vanquished

Notes
Turn   | Place    | Note
-------+----------+-------------------------------------------
     0 | D:1      | freelancePsychic the Demonspawn Fighter began the quest for
                  | the Orb.
     0 | D:1      | Reached XP level 1. HP: 18/18 MP: 1/1
     9 | D:1      | Found Humotsun's Distillery.
   105 | D:1      | Reached skill level 1 in Stealth
   106 | D:1      | Gained mutation: You have a pair of small horns on your
                  | head. [demonic ancestry]
   106 | D:1      | Reached XP level 2. HP: 24/24 MP: 2/2
   695 | D:1      | Bought a potion of lignification for 42 gold pieces
   741 | D:2      | Gained mutation: You may rarely emit foul miasma when
                  | damaged in melee. [demonic ancestry]
   741 | D:2      | Reached XP level 3. HP: 28/29 MP: 3/3
  1646 | D:3      | Gained mutation: A meltable shield of frost defends you.
                  | (SH +4) [demonic ancestry]
  1646 | D:3      | Reached XP level 4. HP: 31/35 MP: 4/4
  2210 | D:3      | Reached XP level 5. HP: 32/42 MP: 3/5
  2946 | D:4      | Noticed a black bear
  3392 | D:4      | Noticed a phantom
  3409 | D:4      | Killed a phantom
  3410 | D:4      | Reached XP level 6. HP: 48/48 MP: 6/6
  3631 | D:5      | Entered Level 5 of the Dungeon
  4207 | D:5      | Reached skill level 5 in Stealth
  4207 | D:5      | Gained mutation: You are partially covered in rugged brown
                  | scales. (AC +1, +3% HP) [demonic ancestry]
  4207 | D:5      | Reached XP level 7. HP: 25/56 MP: 4/7
  5078 | D:6      | Reached skill level 5 in Fighting
  5143 | D:6      | Identified the +1 robe of Incorporation {Drain +Inv Str-3
                  | Dex+9}
  5206 | D:6      | Reached skill level 1 in Dodging
  5247 | D:6      | Gained mutation: A meltable icy envelope protects you from
                  | harm. (AC +8) [demonic ancestry]
  5247 | D:6      | Reached XP level 8. HP: 58/64 MP: 8/8
  5248 | D:6      | Found a glowing drain.
  5274 | Sewer    | Entered a sewer
  5672 | D:4      | Reached skill level 2 in Dodging
  5739 | D:5      | Reached skill level 5 in Long Blades
  5992 | D:7      | Found a staircase to the Ecumenical Temple.
  6000 | D:7      | Reached skill level 3 in Dodging
  6007 | Temple   | Entered the Ecumenical Temple
  6007 | Temple   | Found a transporter.
  6007 | Temple   | Found a transporter.
  6026 | Temple   | Found a transporter.
  6026 | Temple   | Found a transporter.
  6055 | Temple   | Became a worshipper of Cheibriados the Contemplative
  6080 | D:7      | Reached skill level 1 in Invocations
  6352 | D:7      | Found a runed translucent gate.
  6353 | D:7      | Found a runed translucent gate.
  6355 | D:7      | Found a runed translucent gate.
  6356 | D:7      | Noticed GiantSquids's ghost (novice TeHu)
  6357 | D:7      | Noticed a spectral unseen horror
  6834 | D:7      | Reached XP level 9. HP: 73/73 MP: 11/11
  6851 | D:7      | Reached * piety under Cheibriados
  7080 | D:8      | Identified the +3 mace "Giantslayer" {vorpal, rC+}
  7127 | D:8      | Found Ceitz's Weapon Shoppe.
  7185 | D:8      | Reached skill level 5 in Invocations
  7372 | D:8      | Reached skill level 4 in Dodging
  7377 | D:8      | Reached skill level 1 in Short Blades
  7707 | D:8      | Reached ** piety under Cheibriados
  8049 | D:9      | Found a blossoming altar of Fedhas.
  8049 | D:9      | Found an iron altar of Okawaru.
  8170 | D:9      | Noticed Harold
  8179 | D:9      | Killed Harold
  8232 | D:9      | Noticed Psyche
  8297 | D:9      | Reached skill level 5 in Dodging
  8297 | D:9      | Reached XP level 10. HP: 70/82 MP: 13/15
  8313 | D:9      | Killed Psyche
  9224 | D:10     | Entered Level 10 of the Dungeon
  9233 | D:10     | Noticed a two-headed ogre
  9401 | D:10     | Found a burning altar of Makhleb.
  9401 | D:10     | Found a shimmering altar of Xom.
  9479 | D:10     | Reached *** piety under Cheibriados
  9486 | D:10     | Reached skill level 6 in Dodging
  9531 | D:10     | Killed a two-headed ogre
  9659 | D:10     | Found an ancient bone altar of Kikubaaqudgha.
 10076 | D:10     | Noticed a cyclops
 10108 | D:10     | Killed a cyclops
 10109 | D:10     | Reached skill level 5 in Short Blades
 10326 | D:10     | Found a staircase to the Lair.
 10654 | D:11     | Gained mutation: You sometimes emit foul miasma when
                  | damaged in melee. [demonic ancestry]
 10654 | D:11     | Reached XP level 11. HP: 80/91 MP: 14/17
 10836 | D:11     | Reached skill level 7 in Dodging
 11266 | D:11     | Found a staircase to the Orcish Mines.
 11421 | D:11     | Reached skill level 10 in Fighting
 11545 | D:11     | Noticed a two-headed ogre
 11557 | D:11     | Killed a two-headed ogre
 11959 | D:12     | Reached **** piety under Cheibriados
 11983 | D:12     | Noticed a skeletal warrior
 12001 | D:12     | Killed a skeletal warrior
 12002 | D:12     | Reached skill level 8 in Dodging
 12119 | Lair:1   | Entered Level 1 of the Lair of Beasts
 12185 | Orc:1    | Entered Level 1 of the Orcish Mines
 12359 | Orc:1    | Noticed a two-headed ogre
 12365 | Orc:1    | Noticed an orc knight
 12377 | Orc:1    | Killed a two-headed ogre
 12380 | Orc:1    | Reached ***** piety under Cheibriados
 12605 | Orc:1    | Killed an orc knight
 12795 | Orc:2    | Entered Level 2 of the Orcish Mines
 12878 | Orc:2    | Found a staircase to the Elven Halls.
 12900 | Orc:2    | Reached skill level 9 in Dodging
 12900 | Orc:2    | Gained mutation: You are mostly covered in rugged brown
                  | scales. (AC +2, +5% HP) [demonic ancestry]
 12900 | Orc:2    | Reached XP level 12. HP: 93/105 MP: 16/18
 13287 | D:8      | Bought the +12 pair of quick blades "Gyre" and "Gimble"
                  | {protect} for 1105 gold pieces
 13287 | D:8      | Found the +12 pair of quick blades "Gyre" and "Gimble"
                  | {protect}
 13433 | Lair:1   | Noticed a four-headed hydra
 13448 | Lair:1   | Killed a four-headed hydra
 13462 | Lair:1   | Reached skill level 10 in Invocations
 13762 | Lair:1   | Noticed a death yak
 13817 | Lair:1   | Found a transporter.
 13820 | Lair:1   | Noticed Erica
 13823 | Lair:1   | Noticed an eight-headed hydra
 13824 | Lair:1   | Noticed Xubonuo's ghost (journeyman OpWn)
 13828 | Lair:1   | Killed Erica
 13829 | Lair:1   | Reached skill level 10 in Dodging
 13844 | Lair:1   | Found a transporter.
 14336 | Lair:2   | Found a transporter.
 14504 | Lair:2   | Reached ****** piety under Cheibriados
 14571 | Lair:2   | Found a transporter.
 14818 | Lair:2   | Found a hole to the Spider Nest.
 14829 | Lair:2   | Reached XP level 13. HP: 114/114 MP: 21/21
 15056 | Lair:2   | Found a staircase to the Swamp.
 15770 | Lair:2   | Identified the +1 pair of gloves "Uruen" {Harm Rampage rC++
                  | Dex+2}
 15972 | Lair:3   | Reached skill level 11 in Dodging
 16528 | Lair:3   | Identified a scroll of acquirement
 16528 | Lair:3   | Acquired the +10 double sword "Ifal Nia" {elec, Str+4}
 16940 | Lair:4   | Found a gate leading to a gauntlet.
 16945 | Gauntlet | Entered a Gauntlet
 16945 | Gauntlet | Found a transporter.
 16957 | Gauntlet | Found a transporter.
 16957 | Gauntlet | Found a transporter.
 16958 | Gauntlet | Found a transporter.
 16966 | Gauntlet | Found a transporter.
 16969 | Gauntlet | Found a transporter.
 16970 | Gauntlet | Found a transporter.
 16974 | Gauntlet | Found a runed translucent door.
 16976 | Gauntlet | Noticed a reaper
 16978 | Gauntlet | Found a transporter.
 16980 | Gauntlet | Noticed a minotaur
 16981 | Gauntlet | Found a transporter.
 16982 | Gauntlet | Found a transporter.
 16986 | Gauntlet | Found a runed translucent door.
 16987 | Gauntlet | Found a runed translucent door.
 16988 | Gauntlet | Found a runed translucent door.
 16990 | Gauntlet | Found a transporter.
 16993 | Gauntlet | Found a transporter.
 16994 | Gauntlet | Found a transporter.
 17002 | Gauntlet | Found a transporter.
 17151 | Gauntlet | Killed a reaper
 17322 | Gauntlet | Identified the amulet "Wayqilur" {Faith Will+ Dex+7}
 17355 | Gauntlet | Killed a minotaur
 17361 | Gauntlet | Identified the amulet "Wydeinn" {rN+ Regen+ Dex+4}
 17510 | Lair:4   | Acquired the ring "Loiteoqa" {Drain rPois rF+ rC+ Str+3}
 17955 | Lair:4   | Reached skill level 12 in Dodging
 18081 | Lair:1   | Reached XP level 14. HP: 106/126 MP: 12/23
 18086 | Lair:1   | Killed Xubonuo's ghost
 18646 | Lair:5   | Entered Level 5 of the Lair of Beasts
 18851 | Lair:5   | Got Sif Muna's Textbook on Summoned Firn
 19136 | Lair:5   | Reached skill level 15 in Fighting
 19136 | Lair:5   | Reached skill level 13 in Dodging
 19319 | Lair:5   | Reached skill level 10 in Stealth
 19718 | Lair:5   | Reached skill level 14 in Dodging
 19833 | Lair:5   | Found a staircase to the Slime Pits.
 19833 | Lair:5   | Found a viscous altar of Jiyva.
 20251 | D:12     | Found Plog's Antique Armour Shop.
 20272 | D:12     | Reached XP level 15. HP: 135/135 MP: 24/24
 20467 | D:12     | Found a runed translucent door.
 21070 | D:12     | Noticed Heh's ghost (journeyman MiFi)
 21083 | D:12     | Killed Heh's ghost
 21084 | D:12     | Reached skill level 15 in Dodging
 21192 | D:13     | Reached skill level 1 in Evocations
 21286 | D:13     | Found Axie's Jewellery Shop.
 21678 | D:14     | Found a gate to the Vaults.
 21731 | D:14     | Reached skill level 1 in Throwing
 21806 | D:14     | Noticed Kirke
 21819 | D:14     | Killed Kirke
 22441 | D:15     | Entered Level 15 of the Dungeon
 22517 | D:15     | Reached skill level 1 in Conjurations
 22517 | D:15     | Reached skill level 1 in Transmutations
 23169 | D:15     | Found a staircase to the Depths.
 23565 | Orc:2    | Gained mutation: You have a pair of horns on your head.
                  | [demonic ancestry]
 23565 | Orc:2    | Reached XP level 16. HP: 105/143 MP: 21/25
 23747 | Orc:2    | Found Vaezol's General Store.
 23772 | Orc:2    | Found Tuosid's Antique Armour Shop.
 23772 | Orc:2    | Found Qijom's Antique Weapon Shop.
 23774 | Orc:2    | Found Osis's Jewellery Boutique.
 23778 | Orc:2    | Bought a scroll of blinking for 105 gold pieces
 23788 | Orc:2    | Bought a pair of heavily runed gloves for 266 gold pieces
 23788 | Orc:2    | Identified the +0 pair of gloves of Duoliygg {Dex+2} (You
                  | bought it in a shop on level 2 of the Orcish Mines)
 23906 | Orc:2    | Reached skill level 5 in Conjurations
 24153 | Orc:2    | Learned a level 5 spell: Irradiate
 24214 | Elf:1    | Entered Level 1 of the Elven Halls
 24242 | Elf:1    | Noticed a Hell Sentinel
 24250 | Orc:2    | Reached skill level 1 in Spellcasting
 24250 | Orc:2    | Reached skill level 5 in Transmutations
 24629 | Elf:1    | Found Ulijugemp's Antique Weapon Shoppe.
 24726 | Elf:1    | Noticed a Tzitzimitl
 24756 | Elf:1    | Reached skill level 16 in Dodging
 25262 | Elf:1    | Got the Catalogue of Accompaniment
 25372 | Elf:2    | Noticed Wator's ghost (journeyman OpTm)
 25373 | Elf:2    | Found a runed translucent door.
 25409 | Elf:2    | Reached skill level 1 in Poison Magic
 25584 | Elf:2    | Noticed Azrael
 25595 | Elf:2    | Killed Azrael
 25760 | Elf:2    | Gained mutation: Your magical and physical power is
                  | slightly enhanced at high health. [demonic ancestry]
 25760 | Elf:2    | Reached XP level 17. HP: 151/151 MP: 26/26
 26283 | Elf:2    | Found a runed translucent gate.
 26283 | Elf:2    | Found a runed translucent gate.
 26283 | Elf:2    | Found a runed translucent gate.
 26367 | Elf:3    | Entered Level 3 of the Elven Halls
 26584 | Spider:1 | Entered Level 1 of the Spider Nest
 26674 | Spider:1 | Found a frozen archway.
 26688 | IceCv    | Entered an ice cave
 26878 | IceCv    | Reached skill level 5 in Spellcasting
 27548 | IceCv    | Learned a level 6 spell: Eringya's Noxious Bog
 28280 | Spider:1 | Reached skill level 5 in Poison Magic
 28981 | Spider:2 | Reached skill level 10 in Transmutations
 30135 | Spider:3 | Reached XP level 18. HP: 75/156 MP: 16/27
 30375 | Spider:3 | Noticed Arachne
 30387 | Spider:3 | Killed Arachne
 30735 | Spider:3 | Reached skill level 17 in Dodging
 31084 | Spider:4 | Entered Level 4 of the Spider Nest
 31403 | Spider:4 | Identified the +3 broad axe of the Endless Expanse {freeze,
                  | +Blink rC+ Dex-4}
 31617 | Spider:4 | Identified the +1 robe of Soobben {Will+ Int+2 Stlth-}
 32259 | Spider:4 | Got a gossamer rune of Zot
 32266 | Spider:4 | Acquired 1026 gold pieces
 32568 | Swamp:1  | Entered Level 1 of the Swamp
 32634 | Swamp:1  | Found a runed translucent gate.
 32636 | Swamp:1  | Found a runed translucent gate.
 32637 | Swamp:1  | Found a runed translucent gate.
 32637 | Swamp:1  | Noticed bigduke15's ghost (journeyman MiFi)
 33185 | Swamp:1  | Acquired the ring of Wymics {Fly Slay+6}
 33773 | Swamp:2  | Gained mutation: You are completely covered in rugged brown
                  | scales. (AC +3, +7% HP) [demonic ancestry]
 33773 | Swamp:2  | Reached XP level 19. HP: 158/167 MP: 31/31
 34343 | Swamp:3  | Noticed Aizul
 34361 | Swamp:3  | Killed Aizul
 34476 | Swamp:3  | Reached skill level 18 in Dodging
 34607 | Swamp:4  | Entered Level 4 of the Swamp
 34758 | Swamp:4  | Noticed Roxanne
 34775 | Swamp:4  | Killed Roxanne
 35176 | Swamp:4  | Reached skill level 10 in Poison Magic
 35196 | Swamp:4  | Noticed the 27-headed Lernaean hydra
 35228 | Swamp:4  | Killed the 27-headed Lernaean hydra
 35363 | Swamp:4  | Got a decaying rune of Zot
 35556 | Swamp:4  | Learned a level 5 spell: Alistair's Intoxication
 35943 | Elf:3    | Found Zoepif's Weapon Boutique.
 36556 | Elf:3    | Reached skill level 19 in Dodging
 36697 | Elf:3    | Found the +10 Black Knight's barding {ponderous, rPois rN+}
 36701 | Elf:3    | Identified the +7 longbow of Raruzyc {drain, rC+ Str+4
                  | Dex-4}
 36712 | Elf:3    | Got the Cyclopedia of Weather
 36721 | Elf:3    | Got the Encyclopedia of the Hurtful Legion
 36734 | Elf:3    | Identified the ring of Rosav {rPois Int+4 Dex-3 SInv}
 36736 | Elf:3    | Identified the +1 leather armour of Context {rF- rN+ Will+
                  | Dex+3}
 36737 | Elf:3    | Identified the +1 lajatang "Sauloym" {freeze, Will+++ Int+5
                  | Stlth-}
 36738 | Elf:3    | Identified the +5 short sword "Yvel" {flame, *Slow rC+
                  | rCorr SInv}
 36845 | Elf:3    | Got Ipabait's Writings on Iniquitous Magic and Reformation
 37158 | Vaults:1 | Entered Level 1 of the Vaults
 37167 | Vaults:1 | Gained mutation: You frequently emit foul miasma when
                  | damaged in melee. [demonic ancestry]
 37167 | Vaults:1 | Reached XP level 20. HP: 179/179 MP: 32/32
 37183 | Vaults:1 | Found a huge runed gate.
 37183 | Vaults:1 | Found a huge runed gate.
 37183 | Vaults:1 | Found a huge runed gate.
 37183 | Vaults:1 | Found a huge runed gate.
 37183 | Vaults:1 | Found a huge runed gate.
 37184 | Vaults:1 | Found a huge runed gate.
 37472 | Vaults:1 | Found a huge runed gate.
 37473 | Vaults:1 | Found a huge runed gate.
 37473 | Vaults:1 | Found a huge runed gate.
 37473 | Vaults:1 | Found a huge runed gate.
 37474 | Vaults:1 | Found a huge runed gate.
 37475 | Vaults:1 | Found a huge runed gate.
 37476 | Vaults:1 | Found a huge runed gate.
 37477 | Vaults:1 | Found a huge runed gate.
 37485 | Vaults:1 | Found a huge runed gate.
 37485 | Vaults:1 | Found a huge runed gate.
 37485 | Vaults:1 | Found a huge runed gate.
 37485 | Vaults:1 | Found a huge runed gate.
 37485 | Vaults:1 | Found a huge runed gate.
 37489 | Vaults:1 | Found a huge runed gate.
 37490 | Vaults:1 | Found a huge runed gate.
 37491 | Vaults:1 | Found a huge runed gate.
 37492 | Vaults:1 | Found a huge runed gate.
 37507 | Vaults:1 | Found a huge runed gate.
 37507 | Vaults:1 | Found a huge runed gate.
 37507 | Vaults:1 | Found a huge runed gate.
 37507 | Vaults:1 | Found a huge runed gate.
 37507 | Vaults:1 | Found a huge runed gate.
 37507 | Vaults:1 | Found a huge runed gate.
 37508 | Vaults:1 | Found a huge runed gate.
 37509 | Vaults:1 | Found a huge runed gate.
 37510 | Vaults:1 | Found a huge runed gate.
 37518 | Vaults:1 | Found a huge runed gate.
 37518 | Vaults:1 | Found a huge runed gate.
 37518 | Vaults:1 | Found a huge runed gate.
 37518 | Vaults:1 | Found a huge runed gate.
 37768 | Vaults:1 | Learned a level 5 spell: Yara's Violent Unravelling
 37816 | Vaults:1 | Reached skill level 1 in Hexes
 38231 | Vaults:1 | Found Daqirope's Antique Armour Shoppe.
 38866 | Vaults:2 | Found Seigiw's Distillery.
 38959 | Vaults:2 | Bought 2 potions of brilliance for 136 gold pieces
 38959 | Vaults:2 | Bought a potion of attraction for 51 gold pieces
 38959 | Vaults:2 | Bought a potion of ambrosia for 136 gold pieces
 38959 | Vaults:2 | Bought a potion of heal wounds for 85 gold pieces
 38959 | Vaults:2 | Bought a potion of might for 68 gold pieces
 38959 | Vaults:2 | Bought a potion of berserk rage for 85 gold pieces
 38959 | Vaults:2 | Bought a potion of curing for 51 gold pieces
 38981 | Vaults:2 | Reached skill level 5 in Hexes
 39081 | Vaults:2 | Found a staircase to the Crypt.
 39181 | Vaults:2 | Reached skill level 20 in Dodging
 39499 | Vaults:2 | Found a runed translucent door.
 39502 | Vaults:2 | Noticed Olyjoun's ghost (adept GnHW)
 39603 | Vaults:2 | You are sucked into a shaft and drop 1 floor!
 39631 | Vaults:3 | Found a transporter.
 39631 | Vaults:3 | Found a transporter.
 39702 | Vaults:3 | Reached XP level 21. HP: 164/190 MP: 33/33
 40624 | Vaults:3 | Paralysed by a great orb of eyes for 3 turns
 41191 | Vaults:3 | Learned a level 3 spell: Ignite Poison
 41255 | Vaults:3 | Noticed a dread lich
 41290 | Vaults:3 | Killed a dread lich
 41547 | Vaults:3 | Identified the amulet "Newaruad" {RegenMP rPois rC+++ Dex-4
                  | SInv}
 41850 | Vaults:2 | Reached skill level 10 in Hexes
 42300 | Vaults:2 | Killed Olyjoun's ghost
 42364 | Vaults:2 | Got Sif Muna's Incunable of Bedrock
 42466 | Vaults:4 | Found Pyguiry's Weapon Emporium.
 43116 | Vaults:4 | Reached skill level 15 in Transmutations
 44114 | Vaults:5 | Entered Level 5 of the Vaults
 44123 | Vaults:4 | Gained mutation: You have a pair of large horns on your
                  | head. [demonic ancestry]
 44123 | Vaults:4 | Reached XP level 22. HP: 184/203 MP: 34/34
 44359 | Vaults:4 | Reached skill level 5 in Armour
 44516 | Vaults:5 | Noticed a dread lich
 44524 | Vaults:5 | Killed a dread lich
 45077 | Vaults:5 | Noticed a dread lich
 45085 | Vaults:5 | Killed a dread lich
 45333 | Vaults:5 | an iron dragon changed into a golden dragon
 45333 | Vaults:5 | Noticed a golden dragon (glowing shapeshifter)
 45334 | Vaults:5 | a golden dragon changed into an acid blob
 45337 | Vaults:5 | an acid blob changed into a caustic shrike
 45337 | Vaults:5 | Noticed a caustic shrike (glowing shapeshifter)
 45339 | Vaults:5 | a caustic shrike changed into a shadow dragon
 45367 | Vaults:5 | Identified the +11 battleaxe of Upheaval {protect, rElec
                  | Str+2}
 45466 | Vaults:5 | Noticed a dread lich
 45483 | Vaults:5 | Killed a dread lich
 45654 | Vaults:5 | Noticed a golden dragon
 45660 | Vaults:5 | Killed a golden dragon
 45666 | Vaults:5 | Reached skill level 15 in Stealth
 45719 | Vaults:5 | Identified the +3 buckler of Terror {SInv}
 45826 | Vaults:5 | Got a silver rune of Zot
 45839 | Vaults:5 | Reached XP level 23. HP: 209/209 MP: 35/35
 46198 | Vaults:5 | Noticed a dread lich
 46199 | Vaults:5 | Paralysed by a dread lich for 3 turns
 46204 | Vaults:5 | Paralysed by a dread lich for 2 turns
 46209 | Vaults:5 | Killed a dread lich
 46279 | Vaults:5 | Noticed an ancient lich
 46287 | Vaults:5 | Killed an ancient lich
 46288 | Vaults:5 | Reached skill level 1 in Air Magic
 46294 | Vaults:5 | Learned a level 5 spell: Silence
 46538 | Vaults:3 | Identified the +9 long sword "Evail" {flame, Contam *Rage
                  | Fly Stlth+}
 46643 | Vaults:4 | Gained mutation: You are agile. (Dex +4, Str/Int -1)
                  | [mutagenic glow]
 46652 | Vaults:4 | Gained mutation: Your body sometimes deteriorates upon
                  | taking damage. [mutagenic glow]
 46670 | Vaults:4 | Gained mutation: Armour fits poorly on your strangely
                  | shaped body. [mutagenic glow]
 46738 | Vaults:4 | Lost mutation: You are agile. (Dex +4, Str/Int -1) [potion
                  | of mutation]
 46738 | Vaults:4 | Lost mutation: Your body sometimes deteriorates upon taking
                  | damage. [potion of mutation]
 46738 | Vaults:4 | Gained mutation: You are occasionally teleported next to
                  | monsters. [potion of mutation]
 46738 | Vaults:4 | Gained mutation: Your skin changes colour to match your
                  | surroundings (Stealth+). [potion of mutation]
 46739 | Vaults:4 | Lost mutation: Your skin changes colour to match your
                  | surroundings (Stealth+). [potion of mutation]
 46739 | Vaults:4 | Lost mutation: You are occasionally teleported next to
                  | monsters. [potion of mutation]
 46739 | Vaults:4 | Gained mutation: You are robust. (+10% HP) [potion of
                  | mutation]
 46739 | Vaults:4 | Gained mutation: You do not regenerate when monsters are
                  | visible. [potion of mutation]
 46740 | Vaults:4 | Lost mutation: You do not regenerate when monsters are
                  | visible. [potion of mutation]
 46740 | Vaults:4 | Lost mutation: You are robust. (+10% HP) [potion of
                  | mutation]
 46740 | Vaults:4 | Gained mutation: You are occasionally teleported next to
                  | monsters. [potion of mutation]
 46740 | Vaults:4 | Gained mutation: You have large cloven feet. [potion of
                  | mutation]
 46741 | Vaults:4 | Lost mutation: You have large cloven feet. [potion of
                  | mutation]
 46741 | Vaults:4 | Lost mutation: Armour fits poorly on your strangely shaped
                  | body. [potion of mutation]
 46741 | Vaults:4 | Lost mutation: You are occasionally teleported next to
                  | monsters. [potion of mutation]
 46741 | Vaults:4 | Gained mutation: You are covered in fur. (AC +1) [potion of
                  | mutation]
 46741 | Vaults:4 | Gained mutation: You are strong-willed. (Will+) [potion of
                  | mutation]
 47169 | Slime:1  | Entered Level 1 of the Pits of Slime
 47637 | Slime:4  | Reached skill level 21 in Dodging
 47693 | Slime:5  | Entered Level 5 of the Pits of Slime
 47861 | Slime:5  | Gained mutation: You are frail. (-10% HP) [a shining eye]
 47874 | Slime:5  | Gained mutation: You have hidden genetic defects. [a
                  | shining eye]
 47884 | Slime:5  | Lost mutation: You are strong-willed. (Will+) [potion of
                  | mutation]
 47884 | Slime:5  | Lost mutation: You are covered in fur. (AC +1) [potion of
                  | mutation]
 47884 | Slime:5  | Lost mutation: You are frail. (-10% HP) [potion of
                  | mutation]
 47884 | Slime:5  | Gained mutation: A frigid envelope surrounds you and
                  | freezes all who hurt you. [potion of mutation]
 47884 | Slime:5  | Gained mutation: You are agile. (Dex +4, Str/Int -1)
                  | [potion of mutation]
 47885 | Slime:5  | Lost mutation: You are agile. (Dex +4, Str/Int -1) [potion
                  | of mutation]
 47885 | Slime:5  | Lost mutation: You have hidden genetic defects. [potion of
                  | mutation]
 47885 | Slime:5  | Lost mutation: A frigid envelope surrounds you and freezes
                  | all who hurt you. [potion of mutation]
 47885 | Slime:5  | Gained mutation: You have an increased reservoir of magic.
                  | (+10% MP) [potion of mutation]
 47885 | Slime:5  | Gained mutation: You sometimes lose your temper in combat.
                  | [potion of mutation]
 47885 | Slime:5  | Gained mutation: You have hidden genetic potential. [potion
                  | of mutation]
 48318 | D:1      | Bought a potion of mutation for 112 gold pieces
 48318 | D:1      | Bought a potion of mutation for 112 gold pieces
 48318 | D:1      | Lost mutation: You sometimes lose your temper in combat.
                  | [potion of mutation]
 48318 | D:1      | Lost mutation: You have an increased reservoir of magic.
                  | (+10% MP) [potion of mutation]
 48318 | D:1      | Gained mutation: You are weak. (Str -2) [potion of
                  | mutation]
 48318 | D:1      | Gained mutation: You are frail. (-10% HP) [potion of
                  | mutation]
 48318 | D:1      | Gained mutation: A frigid envelope surrounds you and
                  | freezes all who hurt you. [potion of mutation]
 48319 | D:1      | Lost mutation: You are frail. (-10% HP) [potion of
                  | mutation]
 48319 | D:1      | Lost mutation: A frigid envelope surrounds you and freezes
                  | all who hurt you. [potion of mutation]
 48319 | D:1      | Gained mutation: You are covered in fur. (AC +1) [potion of
                  | mutation]
 48319 | D:1      | Gained mutation: You have great hidden genetic potential.
                  | [potion of mutation]
 48319 | D:1      | Gained mutation: You passively dampen the noise of your
                  | surroundings. [potion of mutation]
 48813 | Slime:5  | Reached skill level 5 in Air Magic
 48814 | Slime:5  | Noticed the Royal Jelly
 48816 | Slime:5  | Found a viscous altar of Jiyva.
 48836 | Slime:5  | Killed the Royal Jelly
 48973 | Slime:5  | Gained mutation: You are frail. (-10% HP) [a shining eye]
 49077 | Slime:5  | Got a slimy rune of Zot
 49106 | Slime:5  | Got the Folio of Lethal Orientation
 49139 | Slime:5  | Identified the +7 great sword "Suaduh" {freeze, Int+4}
 49699 | Depths:1 | Entered Level 1 of the Depths
 50036 | Depths:1 | Found a one-way gate to the infinite horrors of the Abyss.
 50095 | Depths:1 | Found a gateway to Hell.
 50179 | Depths:1 | Found a burning altar of Makhleb.
 50316 | Depths:1 | Voluntarily entered the Abyss.
 50328 | Abyss:1  | Found a candlelit altar of Ignis.
 50338 | Abyss:2  | Found a corrupted altar of Lugonu.
 51674 | Abyss:2  | Found a shimmering blue altar of Sif Muna.
 51686 | Abyss:2  | Found a shimmering blue altar of Sif Muna.
 51686 | Abyss:2  | Found a shimmering blue altar of Sif Muna.
 51715 | Abyss:4  | Found a corrupted altar of Lugonu.
 51850 | Abyss:5  | Gained mutation: Your magical and physical power is
                  | enhanced at high health. [demonic ancestry]
 51850 | Abyss:5  | Reached XP level 24. HP: 125/197 MP: 35/35
 51861 | Abyss:5  | Got an abyssal rune of Zot
 51865 | Depths:1 | Escaped the Abyss
 51950 | Depths:2 | Found a magical portal.
 51985 | WizLab   | Entered Cigotuvi's Fleshworks
 52092 | WizLab   | Reached skill level 1 in Necromancy
 52125 | WizLab   | Got Cigotuvi's Octavo of the Undead
 52361 | WizLab   | Paralysed by a floating eye for 3 turns
 52396 | WizLab   | Paralysed by a floating eye for 2 turns
 52458 | WizLab   | Identified the ring of Cugron {rF+ Dex+6}
 52649 | Depths:2 | Lost mutation: You are covered in fur. (AC +1) [potion of
                  | mutation]
 52649 | Depths:2 | Lost mutation: You have great hidden genetic potential.
                  | [potion of mutation]
 52649 | Depths:2 | Gained mutation: You are partially covered in large bone
                  | plates. (SH +4) [potion of mutation]
 52649 | Depths:2 | Lost mutation: You are frail. (-10% HP) [potion of
                  | mutation]
 52649 | Depths:2 | Gained mutation: You have great hidden genetic potential.
                  | [potion of mutation]
 52728 | Depths:2 | Reached skill level 22 in Dodging
 53033 | Depths:2 | Paralysed by a vampire knight for 2 turns
 53063 | Depths:2 | Found a one-way gate leading to the halls of Pandemonium.
 53470 | Depths:2 | Reached skill level 5 in Necromancy
 53475 | Depths:2 | Got the Reference Book on Torrid Conflict
 53629 | Depths:3 | Gained mutation: You expend magic power (3 MP) to
                  | strengthen your wands. [hidden potential]
 54027 | Depths:3 | You are sucked into a shaft and drop 1 floor!
 54027 | Depths:4 | Entered Level 4 of the Depths
 54027 | Depths:4 | Found a sacrificial altar of Ru.
 54161 | Depths:4 | Found a gate to the Realm of Zot.
 55056 | Depths:3 | Learned a level 7 spell: Enfeeble
 55061 | Depths:3 | Found Nuol's Book Boutique.
 55290 | Hell     | Entered the Vestibule of Hell
 55290 | Hell     | Noticed Geryon
 55315 | Hell     | Killed Geryon
 55496 | Hell     | Reached skill level 15 in Hexes
 55632 | Hell     | Found a gateway to the ashen valley of Gehenna.
 55793 | Hell     | Noticed a dread lich
 55806 | Hell     | Gained mutation: A meltable icy envelope protects you from
                  | harm. (AC +8) [demonic ancestry]
 55806 | Hell     | Reached XP level 25. HP: 224/224 MP: 19/35
 55810 | Hell     | Killed a dread lich
 55883 | Hell     | Found a gateway to the decaying netherworld of Tartarus.
 56055 | Hell     | Found a gateway to the Iron City of Dis.
 56339 | Crypt:1  | Entered Level 1 of the Crypt
 56535 | Crypt:1  | Noticed Bai Suzhen
 56544 | Crypt:1  | Killed Bai Suzhen
 56590 | Crypt:1  | Identified the amulet "Wysmaxug" {Spirit rPois Str-3 Int+5}
 56607 | Crypt:1  | Noticed Mennas
 57172 | Crypt:2  | Found a runed translucent gate.
 57173 | Crypt:2  | Found a runed translucent gate.
 57174 | Crypt:2  | Found a runed translucent gate.
 57175 | Crypt:2  | Noticed Vailuoroe's ghost (veteran GrEE)
 57176 | Crypt:2  | Noticed Kucw's ghost (adept GrFi)
 57176 | Crypt:2  | Noticed Zivuv's ghost (veteran FoFi)
 57176 | Crypt:2  | Noticed Onexaaje's ghost (adept GrFi)
 57362 | Crypt:2  | Reached skill level 23 in Dodging
 57619 | Crypt:3  | Entered Level 3 of the Crypt
 57660 | Crypt:2  | Gained mutation: You have sharp toenails. [hidden
                  | potential]
 57660 | Crypt:2  | Lost mutation: You have great hidden genetic potential.
                  | [hidden potential expressed]
 58115 | Crypt:3  | Found a staircase to the Tomb.
 58514 | Crypt:3  | Noticed a dread lich
 58514 | Crypt:3  | Noticed a dread lich
 58524 | Crypt:3  | Killed a dread lich
 58533 | Crypt:3  | Killed a dread lich
 58545 | Crypt:3  | Identified the +0 ring mail of the Meadowlark {rElec rF++
                  | SInv Stlth-}
 58548 | Crypt:3  | Identified the amulet "Kazoivve" {RegenMP rN++}
 58552 | Crypt:3  | Identified the ring "Xodut" {+Blink rN+ Str+4}
 58552 | Crypt:3  | Identified the amulet of Hiolumyck {-Tele Harm Rampage
                  | rPois Regen+}
 58552 | Crypt:3  | Identified the ring of Riwuu {+Blink rF+ rN+}
 58554 | Crypt:3  | Identified the +10 battleaxe of Anger {speed, rC+++ Will++
                  | Str-2}
 58556 | Crypt:3  | Identified the +5 long sword of Foipt {vamp, Str+2}
 59482 | Zot:1    | Entered Level 1 of the Realm of Zot
 59671 | D:14     | Learned a level 8 spell: Necromutation
 60105 | Zot:1    | Learned a level 2 spell: Poisonous Vapours
 60827 | Zot:1    | Reached skill level 10 in Necromancy
 61118 | Zot:1    | Reached XP level 26. HP: 235/235 MP: 36/36
 61596 | Zot:2    | Noticed Grunn
 61609 | Zot:2    | Identified the ring "Innudd" {Ice Int+4}
 61609 | Zot:2    | Noticed Josephina
 61673 | Zot:2    | Got the Vellum of the Pyre and the Atmosphere
 61825 | Zot:2    | Identified the +2 buckler "Poimyx" {*Slow rElec rC+ SInv}
 62597 | Zot:2    | Killed Josephina
 64135 | Zot:4    | Found a huge runed gate.
 64135 | Zot:4    | Found a huge runed gate.
 64135 | Zot:4    | Found a huge runed gate.
 64136 | Zot:4    | Found a huge runed gate.
 64136 | Zot:4    | Found a huge runed gate.
 64139 | Zot:4    | Found a huge runed gate.
 64139 | Zot:4    | Found a huge runed gate.
 64139 | Zot:4    | Found a huge runed gate.
 64140 | Zot:4    | Found a huge runed gate.
 64140 | Zot:4    | Found a huge runed gate.
 64165 | Zot:4    | Found a huge runed gate.
 64165 | Zot:4    | Found a huge runed gate.
 64165 | Zot:4    | Found a huge runed gate.
 64165 | Zot:4    | Found a huge runed gate.
 64165 | Zot:4    | Found a huge runed gate.
 64166 | Zot:4    | Found a huge runed gate.
 64167 | Zot:4    | Found a huge runed gate.
 64168 | Zot:4    | Found a huge runed gate.
 64307 | Zot:4    | Gained mutation: Your movements are slightly less
                  | encumbered by armour. (ER -2) [hidden potential]
 64752 | Zot:4    | Found a huge runed gate.
 64752 | Zot:4    | Found a huge runed gate.
 64752 | Zot:4    | Found a huge runed gate.
 64752 | Zot:4    | Found a huge runed gate.
 64752 | Zot:4    | Found a huge runed gate.
 64752 | Zot:4    | Found a huge runed gate.
 64752 | Zot:4    | Found a huge runed gate.
 64753 | Zot:4    | Found a huge runed gate.
 64754 | Zot:4    | Found a huge runed gate.
 64764 | Zot:4    | Found a huge runed gate.
 64764 | Zot:4    | Found a huge runed gate.
 64764 | Zot:4    | Found a huge runed gate.
 64764 | Zot:4    | Found a huge runed gate.
 64764 | Zot:4    | Found a huge runed gate.
 64764 | Zot:4    | Found a huge runed gate.
 64764 | Zot:4    | Found a huge runed gate.
 64765 | Zot:4    | Found a huge runed gate.
 64767 | Zot:4    | Found a huge runed gate.
 64899 | Zot:4    | Reached skill level 15 in Necromancy
 65221 | Zot:5    | Entered Level 5 of the Realm of Zot
 65273 | Zot:5    | Identified the +0 sling of Wiffuath {vorpal, Str+6}
 65612 | Zot:5    | Learned a level 2 spell: Wereblood
 65717 | Zot:5    | Noticed a dread lich
 65725 | Zot:5    | Killed a dread lich
 65731 | Zot:5    | Noticed an orb of fire
 65743 | Zot:5    | Killed an orb of fire
 65845 | Zot:5    | Reached skill level 10 in Spellcasting
 65889 | Zot:5    | Noticed an orb of fire
 65898 | Zot:5    | Gained mutation: Your magical and physical power is greatly
                  | enhanced at high health. [demonic ancestry]
 65898 | Zot:5    | Reached XP level 27. HP: 241/241 MP: 21/37
 65901 | Zot:5    | Killed an orb of fire
 66002 | Zot:5    | Noticed an orb of fire
 66030 | Zot:5    | Killed an orb of fire
 66080 | Zot:5    | Got the Orb of Zot
 66209 | Zot:4    | Noticed Imni Emy the pandemonium lord
 66228 | Zot:4    | Killed Imni Emy the pandemonium lord
 66258 | Zot:4    | Noticed a seraph
 66271 | Zot:4    | Killed a seraph
 66493 | Depths:2 | Noticed Rafaobo the pandemonium lord
 66859 | D:$      | Escaped with the Orb!

Illustrated notes

Levels and vault maps discovered:
D:1:      minmay_arrival_four_circles, layout_basic, serial_shops,
          nicolae_diamond_shop, kennysheep_pointless_box
D:2:      minmay_angry_zag, layout_loops_cross, kennysheep_path_1
D:3:      layout_loops_ring, minmay_lizard_king
D:4:      layout_basic, abandoned_shop, nrook_uturn, minmay_bisected
D:5:      layout_layer_cave
D:6:      layout_basic, grunt_temple_overflow_open,
          cheibrodos_sewer_entry_drain, minivault_24
D:7:      layout_basic, minmay_temple_entry_drinking_statues,
          gammafunk_ghost_necromancy, mrwooster_statue_mirror,
          amethyst_killhole, chequers_big_river
D:8:      layout_loops_cross, serial_shops, shop
D:9:      layout_basic, nicolae_overflow_two_pavilions, uniq_psyche, uniq_harold
D:10:     layout_basic, grunt_temple_overflow_champion_of_chaos,
          kiku_gazebo_pond_becter, david_lair_shrubbed
D:11:     layout_roguey, orc_0_dummy, minivault_27
D:12:     layout_irregular_city, serial_shops, shop,
          ebering_ghost_reflecting_pool, minmay_the_grid_2x2
          [minmay_the_grid_minigrid_large, minmay_the_grid_stretched_grid,
          minmay_the_grid_minigrid_small, minmay_the_grid_prize_big_room]
D:13:     layout_gridville, serial_shops, nicolae_shop_waterfront
D:14:     layout_basic, erik_vaults_1, special_room [special_room_orc],
          minmay_fire_ice_demons, uniq_kirke
D:15:     grunt_enter_depths_hoard, layout_loops_ring, nicolae_eternal_life
Temple:   hellmonk_temple_divided_pantheon
Lair:1:   layout_gridlike, gammafunk_ghost_arena, minivault_23,
          minmay_stone_trees_small, st_stairs_12, grunt_megastairs_2, uniq_erica
Lair:2:   gammafunk_worm_tunnel, layout_cave_pods, palyth_hydra_swamp_entry,
          spider_nest_entry_funnel_web, infiniplex_staircase_pool_2
Lair:3:   layout_cellular_growth, kennysheep_rathole, serial_bayou_shore_b,
          serial_bayou_shore_a, grunt_megastairs_5
Lair:4:   layout_cave_pods, gauntlet_entry_generic,
          chequers_serial_rivers_marsh, minmay_shattered_shrine
Lair:5:   evilmike_catoblepas_cave, layout_cellular_growth, slime_entry_1
Swamp:1:  nicolae_swamp_standing_stones, layout_basic_swamp,
          gammafunk_ghost_split, nicolae_swamp_big_swirl, swamp_pool4,
          nicolae_swamp_dense_foliage
Swamp:2:  layout_basic_swamp, nicolae_swamp_well_well_well
Swamp:3:  layout_basic_swamp, nicolae_swamp_decorative_isthmus, uniq_aizul
Swamp:4:  swamp_old_school, layout_basic_swamp,
          nicolae_swamp_orc_logging_accident, uniq_roxanne
Spider:1: layout_chambers, portal_ice_cave_entry_ice_statue_one
Spider:2: layout_spider_delve
Spider:3: layout_spider_delve, hangedman_spider_tarantella_strand, uniq_arachne
Spider:4: floodkiller_spider_rune_tomb
Slime:1:  layout_caves
Slime:2:  layout_caves
Slime:3:  layout_caves
Slime:4:  layout_caves, basic_altar
Slime:5
Orc:1:    layout_caves
Orc:2:    st_orc_congregation, layout_caves, library_closet
Elf:1:    minmay_elf_arrival_circle, layout_loops_cross, serial_shops, shop,
          minmay_elf_demonology, onia_ninara_cookie
Elf:2:    nicolae_elf_blades_splatter_lattice [nooodl_blade_entry_preview],
          layout_geoelf_octagon, hellmonk_ghost_happy_afterlife,
          nrook_mini_backslash, patterned_corridor, uniq_azrael
Elf:3:    minmay_elf_hall_dome, layout_geoelf_octagon, serial_shops,
          nicolae_shop_bloodbath_and_beyond
Vaults:1: vaults_room_grunt_arrival_checkpoint, v_misc_1, door_vault, v_rooms_6,
          nicolae_vaults_twisting_passages, vaults_room_fours,
          vaults_room_mumra_shop_pool, vaults_room_grunt_arrival_ludios,
          ontoclasm_vaults_fault, grunt_vaults_bifocal, layout_vaults_omnibox
Vaults:2: hellmonk_ghost_big_iron, hangedman_vaults_variations,
          minmay_crypt_entry_simple_statues, v_misc_30,
          nicolae_vaults_network_quinsquares
          [nicolae_vaults_network_quincunx_subvault,
          nicolae_vaults_network_quincunx_subvault,
          nicolae_vaults_network_quincunx_subvault,
          nicolae_vaults_network_quincunx_subvault], v_misc_10,
          nicolae_vaults_diagonal_hallway_7, nicolae_vaults_sealed_display,
          v_rooms_4, vaults_dpeg_emergency_exit, ontoclasm_vaults_twist,
          nicolae_vaults_circle_grid_b, st_check, vaults_dpeg_diagonal,
          nicolae_vaults_rhombus_7, layout_vaults_maze, serial_shops, shop
Vaults:3: gammafunk_the_bubble [the_bubble_gammafunk_crates],
          hangedman_vaults_slice, hangedman_vaults_hat, v_misc_17,
          nicolae_vaults_three_branches, nicolae_vaults_alarming, v_misc_31,
          nicolae_vaults_little_squares_6, ontoclasm_vaults_gateway,
          vaults_mumra_hex, layout_vaults_omnigrid
Vaults:4: nicolae_vaults_network_s, nicolae_vaults_inception_scallops,
          hangedman_vaults_unwind, vaults_mumra_hexcomb, v_misc_14, st_squares,
          nicolae_vaults_diagonal_hallway_6, nicolae_vaults_bisected_exclaves,
          vaults_mumra_minichess_inversion, v_alt_pattern_4,
          layout_vaults_chaotic_city, serial_shops, nicolae_shop_hallway_stairs
Vaults:5
Crypt:1:  layout_misc_corridors, uniq_bai_suzhen, uniq_mennas
Crypt:2:  layout_regular_city, gammafunk_ghost_cemetery,
          beargit_elvish_explorers
Crypt:3:  david_glass_crypt, layout_rooms, tomb_entry_simple_bobbens,
          glass_columns_c
Depths:1: layout_cave_pools, enter_ziggurat_c, grunt_hell_horde,
          nicolae_kite_square_tiling_tiny, abyss_entry,
          corexii_leaking_fountain, makhleb_altar_promises_db
Depths:2: nicolae_BIG_FREAKIN_CUBE, layout_cross, rand_demon_pan_entry_3,
          kennysheep_small_spiral, grunt_hell_entry_dis_old, serial_shops,
          bzr_entry_customers, abyss_entry_glasseish,
          infiniplex_enter_wizlab_water
Depths:3: minmay_inside_and_out, layout_cave_pools, chequers_jeans,
          serial_shops, shop, minmay_room_of_horrors, pf_coc_iceberg
Depths:4: grunt_zot_entry_alcove, layout_basic, abyss_entry,
          minmay_crystal_room, hell_entry, rand_demon_pan_entry_7,
          minmay_parallelograms, nicolae_ru_sacrificial_ziggurat
Hell
Zot:1:    lemuel_draconian_sentries, layout_twisted_circle, st_stairs_9
Zot:2:    nicolae_moth_party, layout_onion, grunt_megastairs_4, uniq_grunn,
          uniq_josephina
Zot:3:    layout_cathedral_of_symmetry
Zot:4:    layout_basic, not_door_vault_due, grunt_megastairs_1
Zot:5:    layout_cathedral_of_symmetry, grunt_ministairs_12

Skill      XL: |  1  2  3  4  5  6  7  8  9 10 11 12 13 14 15 16 17 18 19 20 21 22 23 24 25 26 27 |
---------------+----------------------------------------------------------------------------------+-----
Stealth        | 1 2 3 4 5 7 10 15 | 15.0
Long Blades    | 2 3 4 5 |  5.9
Fighting       | 4 5 6 7 9 11 12 14 15 17 18 20 | 20.6
Dodging        | 1 3 5 6 9 10 12 14 15 16 17 19 20 21 22 23 | 23.6
Invocations    | 3 7 8 11 12 13 | 13.6
Short Blades   | 2 5 6 |  6.9
Evocations     | 2 |  2.2
Throwing       | 2 |  2.5
Conjurations   | 4 7 |  7.5
Transmutations | 3 7 10 11 12 13 15 16 17 18 | 18.4
Spellcasting   | 3 6 8 9 10 11 | 11.1
Poison Magic   | 2 5 8 10 | 10.1
Hexes          | 6 10 14 15 17 | 17.8
Armour         | 3 7 |  7.1
Air Magic      | 5 |  5.7
Necromancy     | 8 10 16 18 | 18.1
Shields        | |  2.6

Action                   |  1- 3 |  4- 6 |  7- 9 | 10-12 | 13-15 | 16-18 | 19-21 | 22-24 | 25-27 || total
-------------------------+-------+-------+-------+-------+-------+-------+-------+-------+-------++-------
Melee: Long sword        |   119 |   174 |   294 |   225 |       |       |       |       |       ||   812
       Headbutt          |     9 |    28 |    60 |   168 |   258 |   346 |   445 |   604 |   457 ||  2375
       Short sword       |       |       |       |   151 |       |       |       |       |       ||   151
       Pair of quick bla |       |       |       |   154 |   786 |  1027 |  1098 |  1321 |  1060 ||  5446
Throw: Throwing net      |       |       |       |     2 |       |       |       |       |       ||     2
       Javelin           |       |       |       |       |       |     1 |       |       |     2 ||     3
 Cast: Irradiate         |       |       |       |       |       |     7 |    16 |    32 |    11 ||    66
       Eringya's Noxious |       |       |       |       |       |     5 |    23 |    19 |     7 ||    54
       Alistair's Intoxi |       |       |       |       |       |       |    10 |     4 |       ||    14
       Yara's Violent Un |       |       |       |       |       |       |     2 |       |     1 ||     3
       Ignite Poison     |       |       |       |       |       |       |     3 |     9 |       ||    12
       Silence           |       |       |       |       |       |       |       |     3 |       ||     3
       Enfeeble          |       |       |       |       |       |       |       |     5 |    46 ||    51
       Poisonous Vapours |       |       |       |       |       |       |       |       |    30 ||    30
       Wereblood         |       |       |       |       |       |       |       |       |     3 ||     3
       Necromutation     |       |       |       |       |       |       |       |       |     2 ||     2
Invok: Bend Time         |       |       |     1 |     3 |     1 |       |       |       |       ||     5
       Slouch            |       |       |       |     1 |     5 |    13 |       |     6 |       ||    25
       Step From Time    |       |       |       |       |       |       |       |     1 |       ||     1
Evoke: Wand              |       |       |    11 |       |     2 |       |       |       |       ||    13
       Lightning rod     |       |       |       |       |     4 |       |       |     2 |       ||     6
       Phial of floods   |       |       |       |       |       |     1 |       |       |       ||     1
  Use: Scroll            |     3 |     2 |     9 |     5 |    18 |     6 |     1 |     7 |     5 ||    56
       Potion            |       |     2 |     4 |     4 |       |     1 |     1 |    12 |    16 ||    40
 Stab: Sleeping          |     3 |     9 |     6 |    13 |    40 |    48 |    58 |    62 |    58 ||   297
       Distracted        |       |       |     2 |     2 |     4 |     7 |    10 |    12 |     6 ||    43
       Confused          |       |       |       |       |       |       |     9 |     3 |     1 ||    13
       Invisible         |       |       |       |       |       |       |       |     2 |    32 ||    34
Armor: Scale mail        |    31 |       |       |       |       |       |       |       |       ||    31
       Leather armour    |    13 |    43 |    23 |       |       |       |       |       |       ||    79
       Skin              |       |     4 |       |       |       |       |       |       |       ||     4
       Robe              |       |       |    66 |    64 |    60 |    86 |    90 |   109 |    66 ||   541
Dodge: Dodged            |    65 |    55 |   163 |   270 |   616 |   941 |   970 |  1339 |   928 ||  5347
Block: Buckler           |    17 |    60 |   167 |   175 |       |       |       |       |       ||   419
       Other             |       |       |       |    16 |    69 |   106 |   106 |   205 |   202 ||   704

Table legend: (Time is in decaauts)
 A = Elapsed time spent in this place.
 B = Non-inter-level travel time spent in this place.
 C = Inter-level travel time spent in this place.
 D = Time resting spent in this place.
 E = Time spent auto-exploring this place.
 F = Levels seen in this place.
 G = Mean time per level.
                   A        B        C        D        E       F      G
               +--------+--------+--------+--------+--------+-----+--------+
         Total | 100294 |  87306 |  12988 |   3467 |  66949 |  66 | 1519.6 |
       Dungeon |  23591 |  18652 |   4939 |    527 |  14632 |  15 | 1572.7 |
        Temple |     64 |     64 |      0 |      0 |     23 |   1 |   64.0 |
          Lair |  11699 |   9547 |   2152 |     89 |   8090 |   5 | 2339.8 |
         Swamp |   5178 |   4910 |    268 |      0 |   3954 |   4 | 1294.5 |
   Spider Nest |   8125 |   7253 |    872 |     50 |   5903 |   4 | 2031.2 |
    Slime Pits |   2152 |   1884 |    268 |    291 |    939 |   5 |  430.4 |
  Orcish Mines |   2440 |   1955 |    485 |     68 |   1526 |   2 | 1220.0 |
   Elven Halls |   5089 |   4550 |    539 |     87 |   3564 |   3 | 1696.3 |
        Vaults |  14565 |  13107 |   1458 |    322 |  10611 |   5 | 2913.0 |
         Crypt |   4711 |   4347 |    364 |     30 |   3252 |   3 | 1570.3 |
        Depths |   6584 |   5523 |   1061 |    235 |   4348 |   4 | 1646.0 |
          Hell |    917 |    908 |      9 |      0 |    537 |   1 |  917.0 |
           Zot |  10152 |   9584 |    568 |    513 |   7246 |   5 | 2030.4 |
         Abyss |   1951 |   1951 |      0 |   1023 |    531 |   5 |  390.2 |
         Sewer |    187 |    187 |      0 |      0 |    125 |   1 |  187.0 |
      Ice Cave |   1160 |   1160 |      0 |    216 |    599 |   1 | 1160.0 |
        Wizlab |   1005 |   1005 |      0 |      0 |    602 |   1 | 1005.0 |
      Gauntlet |    717 |    717 |      0 |     15 |    463 |   1 |  717.0 |
               +--------+--------+--------+--------+--------+-----+--------+

Top non-repeatable levels by time:
Vaults:4: 3510 daAuts
Vaults:3: 3364 daAuts
  Lair:2: 3141 daAuts
Vaults:5: 2742 daAuts
    D:10: 2693 daAuts
    D:11: 2689 daAuts
   Zot:1: 2686 daAuts
Vaults:1: 2551 daAuts
Spider:1: 2503 daAuts
Vaults:2: 2396 daAuts
  Lair:5: 2272 daAuts
   Zot:3: 2263 daAuts
Spider:2: 2206 daAuts
    D:15: 2199 daAuts
  Lair:3: 2197 daAuts
